 Dungeon Crawl Stone Soup version 0.14-a0-1313-gb2df4ef (webtiles) character file.

266 Bloax the Chopper (level 5, 0/47 HPs)
             Began as a Hill Orc Fighter on Dec 5, 2013.
             Slain by a phantom (1 damage)
             ... on Level 5 of the Dungeon.
             The game lasted 00:08:54 (1355 turns).

Bloax the Chopper (Hill Orc Fighter)                Turns: 1355, Time: 00:08:54

HP   0/47        AC  8     Str 20      XL: 5   Next: 19%
MP   5/5         EV  6     Int  8      God:
Gold 130         SH 20     Dex 10      Spells:  0 memorised,  4 levels left

rFire  . . .     SeeInvis .     a - +1,+0 orc hand axe
rCold  . . .     Clarity  .     b - +0 orc scale mail
rNeg   . . .     Conserve .     c - +0 orc shield
rPois  .         rCorr    .     k - +0 winged helmet
rElec  .         rRot     .     (no cloak)
SustAb . .       Spirit   .     (no gloves)
rMut   .         Warding  .     (no boots)
Saprov + . .     Stasis   .     (no amulet)
                                (no ring)
                                (no ring)

@: slightly resistant to hostile enchantments, extremely unstealthy
A: saprovore 1
a: no special abilities


You were on level 5 of the Dungeon.
You were not hungry.

You visited 1 branch of the dungeon, and saw 5 of its levels.

You collected 130 gold pieces.


Innate Abilities, Weirdness & Mutations

You can tolerate rotten meat.


   Skills:
 + Level 4.6 Fighting
 * Level 5.4 Axes
 - Level 3.2 Armour
 + Level 4.0 Shields


You had 4 spell levels left.
You didn't know any spells.

Dungeon Overview and Level Annotations

Branches:
Dungeon (5/16)
 Temple: D:4-7

Altars:
Fedhas

Shops:
D:5 =

Inventory:

Hand weapons
 a - a +1,+0 orcish hand axe (weapon)
Armour
 b - a +0 orcish scale mail (worn)
 c - a +0 orcish shield (worn)
 k - a +0 winged helmet (worn)
   (You found it on level 3 of the Dungeon)
Comestibles
 d - 2 meat rations
 f - 2 bread rations
Scrolls
 g - a scroll of blinking
 m - a scroll of fear
Potions
 h - a potion of flight
 i - a potion of restore abilities {unknown}
 o - 2 potions of paralysis {unknown}
 p - a potion of confusion {unknown}
Books
 n - a book of Spatial Translocations
   (You found it on level 2 of the Dungeon)

   Spells                             Type                      Level
   Apportation                        Translocation                1
   Portal Projectile                  Translocation                2
   Blink                              Translocation                2
   Shroud of Golubria                 Charms/Translocation         2
   Teleport Other                     Translocation                3
   Passage of Golubria                Translocation                4
 q - a book of Party Tricks
   (You found it on level 3 of the Dungeon)

   Spells                             Type                      Level
   Summon Butterflies                 Summoning                    1
   Apportation                        Translocation                1
   Blink                              Translocation                2
   Alistair's Intoxication            Transmutation/Poison         4
   Tukima's Dance                     Hexes                        5

#....##.....# #.###
##.#.##.....# #...#
#####.#.##.....# ###.#
#..<..\....##### #.#
#........######## #.#
#........#......# #.#
#........#.####.# #.#
#.....####.####p####.#
###%##.........@...).#
#.##.###.####.######
#....# #.# #.# ######
#......# ########


You could see a phantom.


Message History

The phantom blinks!
The phantom blinks!
The phantom hits you but does no damage.
You hit the phantom but do no damage.
The phantom is moderately damaged.
You block the phantom's attack.
The phantom hits you but does no damage.
You hit the phantom.
The phantom is heavily damaged.
The phantom blinks!
The phantom blinks!
You closely miss the phantom.
The phantom is heavily damaged.
You block the phantom's attack.
You closely miss the phantom.
The phantom is heavily damaged.
The phantom blinks!
The phantom blinks!
The phantom blinks!
You block the phantom's attack. The phantom hits you.
* * * LOW HITPOINT WARNING * * *
You completely miss the phantom.
The phantom is heavily damaged.
The phantom hits you but does no damage.
The phantom barely misses you.
You hit the phantom.
The phantom is heavily damaged.
You block the phantom's attack.
You closely miss the phantom.
The phantom is heavily damaged.
The phantom hits you.
* * * LOW HITPOINT WARNING * * *
The phantom blinks!
The phantom hits you.
* * * LOW HITPOINT WARNING * * *
The phantom blinks!
You hit the phantom.
The phantom is severely damaged.
The phantom closely misses you.
You hit the phantom.
The phantom is severely damaged.
The phantom hits you.
* * * LOW HITPOINT WARNING * * *
You hit the phantom but do no damage.
The phantom is severely damaged.
The phantom hits you.
* * * LOW HITPOINT WARNING * * *
The phantom blinks!
You barely miss the phantom.
The phantom is severely damaged.
The phantom hits you.
* * * LOW HITPOINT WARNING * * *
You closely miss the phantom.
The phantom is severely damaged.
The phantom barely misses you.
You hit the phantom.
The phantom is severely damaged.
You block the phantom's attack.
You miss the phantom.
The phantom is severely damaged.
The phantom barely misses you.
You closely miss the phantom.
The phantom is severely damaged.
The phantom hits you!
* * * LOW HITPOINT WARNING * * *
You hit the phantom.
The phantom is severely damaged.
You block the phantom's attack. The phantom hits you.
You die...

Action                   |  1- 3 |  4- 6 || total
-------------------------+-------+-------++-------
Melee: Hand axe          |   139 |    96 ||   235
Throw: Javelin           |       |     2 ||     2
  Use: Scroll            |     7 |     3 ||    10
       Potion            |       |     3 ||     3

Vault maps used:
D:1:      sevenhm_entry_forest_fort_small_3, serial_forest,
          infiniplex_forest_zigzag_2, infiniplex_forest_zigzag_1,
          infiniplex_forest_clump_small, infiniplex_forest_lined_1,
          infiniplex_forest_clump_curved, infiniplex_forest_zigzag_2,
          infiniplex_forest_clump_small, infiniplex_forest_clump_long,
          st_stairs_13, nrook_mini_vaults
D:2:      first_bread
D:3:      portal_sewer_entry_b, minmay_misc_feat_rows
D:4:      nicolae_overflow_hidden_temple, minmay_temple_entry_statues,
          st_stairs_9, hangedman_glass_teeth, grunt_ministairs_8
D:5:      serial_shops, shop, fedhas_altar_fruit_tree, uniq_duvessa

Notes
Turn   | Place    | Note
--------------------------------------------------------------
     0 | D:1      | Bloax, the Hill Orc Fighter, began the quest for the Orb.
     0 | D:1      | Reached XP level 1. HP: 19/19 MP: 1/1
    49 | D:1      | Reached skill level 3 in Axes
    49 | D:1      | Reached XP level 2. HP: 13/27 MP: 2/2
    92 | D:1      | HP: 4/27 [hobgoblin/orcish club (3)]
    99 | D:1      | HP: 4/27 [bat (1)]
   125 | D:1      | Reached skill level 4 in Fighting
   207 | D:1      | Reached XP level 3. HP: 14/33 MP: 3/3
   472 | D:2      | Reached skill level 4 in Axes
   831 | D:3      | Reached XP level 4. HP: 31/40 MP: 4/4
   890 | D:3      | Paralysed by a giant eyeball for 4 turns
   979 | D:3      | Reached skill level 5 in Axes
  1050 | D:3      | HP: 10/41 [gnoll/spear (4)]
  1054 | D:3      | HP: 4/41 [gnoll/spear (5)]
  1058 | D:3      | HP: 1/41 [gnoll/spear (5)]
  1077 | D:3      | HP: 1/41 [gnoll/spear (2)]
  1101 | D:5      | Entered Level 5 of the Dungeon
  1101 | D:5      | Found Ugarump's Jewellery Shoppe.
  1145 | D:5      | Reached skill level 4 in Shields
  1145 | D:5      | Reached XP level 5. HP: 18/47 MP: 5/5
  1149 | D:5      | Found a blossoming altar of Fedhas.
  1296 | D:5      | Noticed a phantom
  1350 | D:5      | HP: 7/47 [phantom (6)]
  1354 | D:5      | HP: 1/47 [phantom (7)]
  1355 | D:5      | Slain by a phantom

Vanquished Creatures
  A worker ant (D:5)
  2 gnolls (D:3)
  3 adders
  2 worms (D:3)
  A giant eyeball (D:3)
  2 giant geckos (D:1)
  An ooze (D:1)
  2 orcs (D:3)
  A ball python (D:3)
  3 giant cockroaches
  2 hobgoblins (D:1)
  7 jackals
  5 kobolds
  2 quokkas (D:3)
  6 bats
  3 giant newts
  6 goblins
  5 rats
54 creatures vanquished.
